 Dungeon Crawl Stone Soup version 0.19.1 (webtiles) character file.

753 dngmouse the Cleaver (level 7, -2/61 HPs)
             Began as a Minotaur Gladiator on Dec 26, 2016.
             Slain by an ice beast (10 damage)
             ... on level 6 of the Dungeon.
             The game lasted 00:09:54 (4301 turns).

dngmouse the Cleaver (Minotaur Gladiator)           Turns: 4301, Time: 00:09:56

Health: -2/61      AC: -2    Str: 22    XL:     7   Next: 49%
Magic:  6/6        EV:  9    Int:  5    God:
Gold:   288        SH:  0    Dex: 10    Spells: 0 memorised, 6 levels left

rFire  . . .     SeeInvis .     a - +0 war axe
rCold  . . .     Gourm    .     z - +0 chain mail
rNeg   . . .     Faith    .     (no shield)
rPois  .         Spirit   .     c - +0 hat
rElec  .         Reflect  .     (no cloak)
rCorr  .         Harm     .     (no gloves)
MR     .....                    (no boots)
Stlth  ..........               (no amulet)
                                (no ring)
                                y - ring of flight

@: corroded
A: retaliatory headbutt, horns 2, mutation resistance 1, sense surroundings 1
a: Evoke Flight


You were on level 6 of the Dungeon.
You were not hungry.

You visited 1 branch of the dungeon, and saw 6 of its levels.

You collected 288 gold pieces.

Inventory:

Hand Weapons
 a - a +0 war axe (weapon)
Missiles
 d - 3 throwing nets (quivered)
 B - 3 tomahawks
Armour
 c - a +0 hat (worn)
 z - a +0 chain mail (worn)
Jewellery
 y - a ring of flight (left hand)
 C - an uncursed ring of teleportation
Wands
 r - a wand of random effects (14/48)
Scrolls
 g - a scroll of amnesia {unknown}
 j - 3 scrolls of enchant weapon {unknown}
 k - 4 scrolls of remove curse
 m - a scroll of magic mapping {unknown}
 n - 2 scrolls of teleportation {unknown}
 p - a scroll of fear {unknown}
 t - a scroll of recharging {unknown}
 u - 4 scrolls of identify {unknown}
 v - a scroll of blinking {unknown}
 x - a scroll of noise {unknown}
 A - a scroll of immolation {unknown}
Potions
 b - a potion of agility {unknown}
 e - 3 potions of flight {unknown}
 i - a potion of mutation
 o - a potion of might {unknown}
 q - 2 potions of curing {unknown}
 s - a potion of cancellation {unknown}
 E - a potion of invisibility {unknown}
Comestibles
 f - 7 bread rations
 h - 2 meat rations
 l - a fruit
 w - a slice of pizza
 D - a chunk of flesh


   Skills:
 + Level 5.0 Fighting
 + Level 8.2 Axes
 - Level 2.0 Throwing
 + Level 4.9 Armour
 - Level 3.2 Dodging


You had 6 spell levels left.
You didn't know any spells.

Dungeon Overview and Level Annotations

Branches:
Dungeon (6/15)
 Temple: D:4-7

Altars:


Innate Abilities, Weirdness & Mutations

You reflexively headbutt those who attack you in melee.
You have a pair of horns on your head.
You are somewhat resistant to further mutation.
You passively map a small area around you.


Message History

You are too injured to fight recklessly!
You are too injured to fight recklessly!
You are too injured to fight recklessly!
You are too injured to fight recklessly!
You are too injured to fight recklessly!
You are too injured to fight recklessly!
You are too injured to fight recklessly!
You are too injured to fight recklessly!
You are too injured to fight recklessly!
You are too injured to fight recklessly!
You are too injured to fight recklessly!
You are too injured to fight recklessly!
You are too injured to fight recklessly!
It was a potion of mutation.
You feel extremely strange.
You feel genetically stable.
You feel a strange attunement to the structure of the dungeons.
The ice beast hits you.
* * * LOW HITPOINT WARNING * * *
The ice beast freezes you!
You die...

...#.# ##.#.######
#.........#
###.##########
.............####* **
###.#.######.#..,
....#.# #†#.# *
###.#.######.#.#####
#.............@Y.# *
#.#.######.#.###...$..
#.#.# *#.#.# #####
#.#.# .....,, * #.#.#
##.#.## * #.#.# #.#.#
#.#.# #.#.# .....
..#.# * * **


You could see an ice beast.

Vanquished Creatures
  A necrophage (D:5)
  An ogre (D:5)
  A bullfrog (D:4)
  2 scorpions (D:5)
  A crimson imp (D:4)
  A jelly (D:6)
  An orc wizard (D:4)
  Jessica (D:2)
  2 iguanas
  2 worker ants
  10 adders
  A shadow imp (D:6)
  An adder skeleton (D:4)
  2 worms (D:2)
  A dart slug (D:1)
  2 leopard geckos
  14 orcs
  A bat (D:1)
  4 giant cockroaches
  3 goblins
  6 hobgoblins
  2 jackals (D:4)
  4 quokkas
  2 ball pythons (D:1)
  4 frilled lizards
  A jackal zombie (D:5)
  13 kobolds
  6 rats
  4 fungi (D:2)
94 creatures vanquished.

Notes
Turn   | Place    | Note
-------+----------+-------------------------------------------
     0 | D:1      | dngmouse the Minotaur Gladiator began the quest for the Orb.
     0 | D:1      | Reached XP level 1. HP: 18/18 MP: 0/0
   228 | D:1      | Reached skill level 4 in Axes
   231 | D:1      | Reached XP level 2. HP: 18/25 MP: 1/1
   553 | D:1      | Reached XP level 3. HP: 31/31 MP: 2/2
  1065 | D:2      | Noticed Jessica
  1075 | D:2      | Killed Jessica
  1075 | D:2      | Reached skill level 5 in Axes
  1075 | D:2      | Reached skill level 1 in Armour
  1075 | D:2      | Reached XP level 4. HP: 16/38 MP: 3/3
  2337 | D:4      | Paralysed by fainting for 10 turns
  2354 | D:4      | Paralysed by fainting for 6 turns
  2363 | D:4      | Paralysed by fainting for 11 turns
  2378 | D:4      | Paralysed by fainting for 7 turns
  2423 | D:4      | Paralysed by fainting for 9 turns
  2434 | D:4      | Paralysed by fainting for 6 turns
  2452 | D:4      | Paralysed by fainting for 12 turns
  2467 | D:4      | Reached XP level 5. HP: 41/46 MP: 4/4
  2661 | D:4      | Reached skill level 6 in Axes
  3061 | D:4      | Reached XP level 6. HP: 48/52 MP: 5/5
  3300 | D:5      | Entered Level 5 of the Dungeon
  3534 | D:5      | Reached skill level 7 in Axes
  3802 | D:5      | Reached XP level 7. HP: 54/60 MP: 6/6
  4163 | D:6      | Reached skill level 8 in Axes
  4297 | D:6      | Reached skill level 5 in Fighting
  4301 | D:6      | Gained mutation: You are somewhat resistant to further mutation. [potion of mutation]
  4301 | D:6      | Gained mutation: You passively map a small area around you. [potion of mutation]
  4301 | D:6      | Slain by an ice beast

Skill      XL: |  1  2  3  4  5  6  7 |
---------------+----------------------+-----
Axes           | 4 5 6 7 8 |  8.2
Fighting       | 3 4 5 |  5.0
Armour         | 1 2 3 4 |  4.9
Throwing       | |  2.0
Dodging        | |  3.2

Action                   |  1- 3 |  4- 6 |  7- 9 || total
-------------------------+-------+-------+-------++-------
Melee: War axe           |    62 |   158 |    35 ||   255
       Headbutt          |    16 |    24 |     6 ||    46
  Use: Scroll            |       |       |     1 ||     1
       Potion            |       |       |     1 ||     1
  Eat: Chunk             |       |     8 |     2 ||    10
       Fruit             |       |     1 |       ||     1
Armor: Leather armour    |     8 |       |       ||     8
       Ring mail         |    10 |    44 |       ||    54
       Chain mail        |       |    19 |    14 ||    33
Dodge: Dodged            |    52 |   103 |    19 ||   174
